AoeStats
← aaa916_

Arabia

510966967Analyzed
2v2 RM · 8h ago on Oct 3, 2026· 57m 24s· 4 players
Game mode
Random Map
Map size
Medium (4 player)
Population
200
Speed
Normal
Resources
Standard
Victory
Conquest
Starting age
Dark Age
Ending age
Imperial Age
RankedLock teamsTeams togetherTeam positionsShared explorationLock speedFull tech treeHidden civsTurbo modeCheats
Victory
Defeat
🇪🇸 Japanese · Spain
1071
+16
🇪🇸 Saracens · Spain
1028
+18
🇨🇳 Franks · China
1099
-18
🇨🇳 Turks · China
1051
-16
likkus
5:29 Loom
10:39 Feudal Age
11:24 Double-Bit Axe
13:11 Wheelbarrow
21:22 Castle Age
22:17 Scale Barding Armor
22:37 Bloodlines
23:36 Husbandry
34:47 Hand Cart
36:15 Horse Collar
36:51 Bow Saw
41:06 Imperial Age
39:48 Scale Mail Armor
42:13 Conscription
43:13 Kataparuto
43:22 Fortified Wall
44:07 Pikeman
44:47 Squires
44:32 Arson
47:53 Halberdier
53:20 Ballistics
54:14 Chemistry
58:18 Chain Mail Armor
58:13 Forging
Requejo
11:14 Feudal Age
18:26 Forging
20:53 Castle Age
19:21 Scale Mail Armor
20:17 Wheelbarrow
20:11 Gold Mining
20:34 Double-Bit Axe
20:51 Horse Collar
21:20 Pikeman
22:31 Squires
23:02 Stone Mining
23:49 Bow Saw
25:12 Forging
26:47 Scale Barding Armor
29:12 Iron Casting
28:59 Husbandry
29:15 Town Watch
30:24 Gold Shaft Mining
30:44 Chain Barding Armor
31:21 Hand Cart
35:33 Imperial Age
34:26 Town Patrol
34:37 Heavy Plow
35:52 Loom
36:31 Elite Mameluke
39:31 Blast Furnace
41:47 Plate Barding Armor
50:54 Bloodlines
50:07 Light Cavalry
54:21 Hussar
55:31 Conscription
aaa916_
7:25 Loom
10:04 Feudal Age
16:11 Castle Age
20:19 Husbandry
24:35 Wheelbarrow
24:06 Gold Mining
24:04 Double-Bit Axe
25:00 Town Watch
29:57 Scale Barding Armor
30:03 Forging
31:26 Gold Shaft Mining
31:08 Bow Saw
31:39 Chain Barding Armor
35:33 Iron Casting
35:45 Hand Cart
39:48 Imperial Age
37:51 Elite Skirmisher
39:22 Stone Mining
40:14 Padded Archer Armor
40:04 Fletching
39:54 Cavalier
41:20 Plate Barding Armor
41:45 Blast Furnace
41:03 Arrowslits
42:19 Chemistry
44:23 Conscription
45:00 Hoardings
46:59 Conscription
54:56 Light Cavalry
wujiang
6:51 Loom
9:40 Feudal Age
10:30 Double-Bit Axe
15:02 Fletching
18:29 Padded Archer Armor
23:57 Castle Age
23:05 Horse Collar
24:04 Gold Mining
24:07 Crossbowman
24:44 Bodkin Arrow
25:02 Bow Saw
27:20 Leather Archer Armor
27:32 Heavy Plow
28:47 Wheelbarrow
30:03 Town Watch
33:53 Hand Cart
37:26 Imperial Age
35:22 Bloodlines
37:09 Scale Barding Armor
37:15 Forging
37:08 Husbandry
38:19 Gold Shaft Mining
37:35 Stone Mining
39:13 Two-Man Saw
38:24 Thumb Ring
38:58 Ballistics
39:28 Ring Archer Armor
39:00 Bracer
39:21 Chain Barding Armor
39:56 Conscription
40:20 Sipahi
40:36 Heavy Cavalry Archer
43:20 Town Patrol
49:04 Plate Barding Armor
49:05 Iron Casting
48:12 Treadmill Crane
48:45 Masonry
Connection lost

Rejoining the realm…

Still unreachable

The connection could not be restored.

Session expired

The server has moved on; the page needs a fresh start.